 Dungeon Crawl Stone Soup version 0.30.1-11-g7821555f0a (webtiles) character file.

Game seed: 15448711809703050985

3 Arcturos the Vexing (level 1, 0/7 HPs)
             Began as a Felid Enchanter on Nov 3, 2023.
             Slain by a quokka (4 damage)
             ... on level 1 of the Dungeon.
             The game lasted 00:00:42 (337 turns).

Arcturos the Vexing (Felid Enchanter)                Turns: 337, Time: 00:00:43

Health: 0/7        AC:  1    Str:  4    XL:     1   Next: 41%
Magic:  4/4        EV: 14    Int: 16    God:
Gold:   20         SH:  0    Dex: 16    Spells: 4/4 levels left
                                        Lives:  0   Deaths: 0

rFire   . .          .
                       - Unarmed
rCold   . . .        (shield unavailable)
rNeg    . . .        (body armour unavailable)
rPois   .            (helmet unavailable)
rElec   .            (cloak unavailable)
rCorr   .            (gloves unavailable)
SInv    +            (boots unavailable)
Will    .....        (no amulet)
Stlth   +++          (no ring)
HPRegen 0.21/turn    (no ring)
MPRegen 0.09/turn

%: no passive effects
@: constricted, quick
A: very small, claws 1, fangs 3, see invisible, speed 1, shaggy fur 1, stealthy
paws, no weapons or thrown items, no armour, multi-lived
a: no special abilities


You were on level 1 of the Dungeon.
You visited 1 branch of the dungeon, and saw 1 of its levels.

You collected 20 gold pieces.

Inventory:

Scrolls
 d - a scroll of teleportation {unknown}
 e - a scroll of enchant armour {unknown}
 g - a scroll of identify {unknown}
Potions
 a - 2 potions of invisibility
 b - a potion of mutation {unknown}
 c - 2 potions of haste {unknown}
 f - a potion of resistance {unknown}


   Skills:
 * Level 0.2 Fighting
 * Level 2.7 Dodging
 * Level 4.0 Stealth
 * Level 1.0 Unarmed Combat
 * Level 2.0 Spellcasting
 * Level 4.5 Hexes


You had 4 spell levels left.
You didn't know any spells.
Your spell library contained the following spells:

 Spells                   Type           Power      Damage    Failure   Level
 Confusing Touch          Hex            16%        N/A       10%         3
 Tukima's Dance           Hex            16%        N/A       10%         3
 Ensorcelled Hibernation  Hex/Ice        16%        N/A       12%         2
 Magic Dart               Conj           4%         1d3       21%         1
 Dazzling Flash           Conj/Hex       16%        N/A       24%         3
 Call Imp                 Summ           2%         N/A       30%         2
 Mephitic Cloud           Conj/Pois/Air  1%         N/A       52%         3


Dungeon Overview and Level Annotations

Branches:
Dungeon (1/15)

Altars:

Shops:
D:1 (


Innate Abilities, Weirdness & Mutations

You have sharp claws.
You have razor-sharp teeth.
You have supernaturally acute eyesight. (SInv)
You cover ground quickly. (Speed+)
You are covered in fur. (AC +1)
Your paws help you pounce on unaware monsters.
You are incapable of wielding weapons or throwing items.
You cannot wear armour.
You gain extra lives every three experience levels.


Message History

You scratch the goblin.
You kill the goblin!
Things that are here:
a +0 dagger; a goblin corpse
Found Vaebiet's Antique Weapon Shoppe.
Found a murky inky potion.
Found a silvery potion.
Found a stone staircase leading down.
There is an entrance to Vaebiet's Antique Weapon Shoppe here.
f - a silvery potion
Found a scroll labelled QIUBIX RUMOO.
c - 2 murky inky potions (gained 1)
g - a scroll labelled QIUBIX RUMOO
Okay, then.
There is an entrance to Vaebiet's Antique Weapon Shoppe here.
You pick up a book of Minor Magic and begin reading...
You add the spells Magic Dart, Call Imp and Mephitic Cloud to your library.
Found a glowing short sword.
You open the door.
There is an open door here.
You open the door.
There is an open door here.
A ball python comes into view.
Found a robe.
A giant cockroach comes into view.
Found a ruby potion.
The ball python hisses angrily.
A quokka comes into view.
Found a club, a scroll labelled JYTO QEAWNUJ and a book of Winter.
You scratch the ball python.
The ball python is heavily wounded.
The ball python barely misses you. The ball python misses you.
You completely miss the ball python. You bite the ball python.
The ball python is severely wounded.
The ball python misses you. The ball python grabs you.
The ball python constricts you.
The ball python's grasp on you weakens, but your attempt to escape fails.
The ball python bites you. The ball python constricts you.
The quokka bites you.
Ouch! That really hurt!
You die...

.#.#.## #.# #.#.## #.#
.#.## #.# ....# #.#
###'## #.# ##...##
###.## #.....## ##....#
.......######..#.##
........#.....BS@#
........+.#.##[#r......)
...........#!.#..######.
.......##.#.##?#.#
#.....## .# #.#.#
##...## : ..# ##'## ##
#.# #.# ..# #.#


You could see a quokka, a giant cockroach and a ball python.

Vanquished Creatures
  A goblin (D:1)
  2 kobolds (D:1)
  A rat (D:1)
4 creatures vanquished.

Notes
Turn   | Place    | Note
-------+----------+-------------------------------------------
     0 | D:1      | Arcturos the Felid Enchanter began the quest for the Orb.
     0 | D:1      | Reached XP level 1. HP: 7/7 MP: 4/4
   182 | D:1      | Found Vaebiet's Antique Weapon Shoppe.
   337 | D:1      | Slain by a quokka

Illustrated notes

Levels and vault maps discovered:
D:1:      ncdulo_watergridlock, layout_loops_corners, serial_shops, shop,
          nicolae_shop_tiny_statue_garden, ebering_ecumenical_altar_abandoned,
          nicolae_concentric_dashed_squares_mild, minmay_small_reverse_x

Action                     || total
---------------------------++-------
  Melee: Unarmed           ||     9
         Bite              ||     1
   Stab: Sleeping          ||     3
  Dodge: Dodged            ||     5
